 Dungeon Crawl Stone Soup version 0.30-a0-996-ga6910c8ee8 (webtiles) character file.

Game seed: 8155067748699430238

3008 Lobster4 the Conjurer (level 9, -2/52 HPs)
             Began as a Deep Elf Conjurer on Apr 4, 2023.
             Was a Believer of Vehumet.
             Slain by a vampire mosquito (4 damage)
             ... on level 8 of the Dungeon.
             The game lasted 00:25:03 (10618 turns).

Lobster4 the Conjurer (Deep Elf Conjurer)          Turns: 10618, Time: 00:25:04

Health: -2/52      AC:  9    Str:  6    XL:     9   Next: 54%
Magic:  12/21      EV: 13    Int: 32    God:    Vehumet [**....]
Gold:   521        SH:  0    Dex: 13    Spells: 7/22 levels left

rFire   . . .      SeeInvis .    Q - +3 dagger (flame)
rCold   . . .      Faith    .    (no shield)
rNeg    . . .      Spirit   .    l - +3 leather armour
rPois   .          Reflect  .    y - +0 helmet
rElec   .          Rampage  .    s - +1 cloak
rCorr   .                        (no gloves)
Will    .....                    (no boots)
Stlth   +++                      (no amulet)
HPRegen 0.28/turn                g - +6 ring of intelligence
MPRegen 0.17/turn                M - ring of wizardry

@: no status effects
A: no striking features
a: Renounce Religion


You were on level 8 of the Dungeon.
You worshipped Vehumet.
Vehumet was pleased with you.
You visited 2 branches of the dungeon, and saw 10 of its levels.
You also visited: Sewer.

You collected 521 gold pieces.

Inventory:

Hand Weapons
 c - a +0 rapier
 m - a +0 sling
 u - a +3 dagger of venom
 L - a +0 shortbow
 Q - a +3 dagger of flaming (weapon)
Missiles
 o - 5 boomerangs
 v - 49 poisoned darts (quivered)
 B - an atropa-tipped dart
 D - 4 boomerangs of dispersal
 J - 4 throwing nets
Armour
 l - a +3 leather armour (worn)
 s - a +1 cloak (worn)
 y - a +0 helmet (worn)
Magical Staves
 r - a staff of death
Jewellery
 g - a +6 ring of intelligence (left hand)
 w - a ring of positive energy
 G - a ring of fire
 M - a ring of wizardry (right hand)
Wands
 H - a wand of polymorph (8)
 R - a wand of roots (12)
 S - a wand of digging (6)
Scrolls
 a - 3 scrolls of vulnerability {unknown}
 d - 5 scrolls of teleportation
 f - a scroll of poison
 j - 2 scrolls of enchant armour
 n - a scroll of enchant weapon
 q - a scroll of brand weapon
 x - 3 scrolls of blinking
 E - a scroll of fog {unknown}
 F - 2 scrolls of magic mapping {unknown}
 I - a scroll of summoning {unknown}
 K - a scroll of amnesia {unknown}
 N - 2 scrolls of fear {unknown}
 P - 2 scrolls of immolation {unknown}
Potions
 b - 5 potions of magic
 e - 2 potions of resistance
 h - a potion of brilliance
 i - 8 potions of heal wounds
 k - 6 potions of curing
 p - a potion of lignification
 t - a potion of invisibility
 z - a potion of haste
 A - 2 potions of mutation
 C - 4 potions of flight
Miscellaneous
 O - a box of beasts


   Skills:
 + Level 3.7 Fighting
 - Level 2.0 Short Blades
 + Level 2.1 Throwing
 + Level 3.5 Armour
 + Level 6.2 Dodging
 + Level 6.5 Stealth
 + Level 7.0 Spellcasting
 + Level 7.0 Conjurations
 + Level 3.6 Hexes
 + Level 2.1 Air Magic
 + Level 0.6 Earth Magic
 + Level 2.4 Poison Magic
 + Level 2.3 Evocations


You had 7 spell levels left.
You knew the following spells:

 Your Spells              Type           Power      Damage    Failure   Level
a - Magic Dart            Conj           100%       1d8       1%          1
b - Searing Ray           Conj           100%       2d8       1%          2
c - Stone Arrow           Conj/Erth      70%        3d11      1%          3
d - Poisonous Vapours     Pois/Air       50%        N/A       1%          2
e - Fulminant Prism       Conj/Hex       22%        3d12      2%          4
f - Dazzling Flash        Conj/Hex       90%        N/A       1%          3

Your spell library contained the following spells:

 Spells                   Type           Power      Damage    Failure   Level
 Portal Projectile        Hex/Tloc       44%        N/A       3%          3
 Scorch                   Fire           22%        2d6       4%          2
 Flame Wave               Conj/Fire      33%        2d10      6%          4
 Iskenderun's Mystic Bla  Conj/Tloc      33%        2d8       6%          4
 Call Canine Familiar     Summ           11%        N/A       8%          3
 Leda's Liquefaction      Hex/Erth       12%        N/A       11%         4
 Summon Cactus Giant      Summ           5%         N/A       97%         6


Dungeon Overview and Level Annotations

Branches:
Dungeon (9/15)             Temple (1/1) D:4           Sewer (visited)
   Lair: D:8-11         Orc: D:9-12

Altars:
Ashenzari
Cheibriados
Dithmenos
Elyvilon
Fedhas
Gozag
Kikubaaqudgha
Nemelex Xobeh
Okawaru
Qazlal
Ru
Sif Muna
Trog
Uskayaw
Vehumet
Wu Jian
Xom
Zin
The Shining One

Shops:
D:8 =

Annotations:
D:3 3 runed translucent doors, howech's ghost, amateur MiGl
D:4 2 runed translucent doors, Triskal's ghost, novice HuFi


Message History

The vampire mosquito draws strength from your injuries!
The vampire mosquito bites you but does no damage.
The vampire mosquito barely misses you. The vampire mosquito bites you.
The vampire mosquito draws strength from your injuries!
The searing ray hits the vampire mosquito.
The vampire mosquito is severely damaged.
The vampire mosquito closely misses you.
The vampire mosquito bites you.
The vampire mosquito draws strength from your injuries!
The vampire mosquito bites you.
The vampire mosquito draws strength from your injuries!
The vampire mosquito bites you.
The vampire mosquito draws strength from your injuries!
The searing ray hits the vampire mosquito!
The vampire mosquito is severely damaged.
You finish channelling your searing ray.
The vampire mosquito barely misses you. The vampire mosquito misses you.
The vampire mosquito bites you.
The vampire mosquito draws strength from your injuries!
The vampire mosquito bites you!
The vampire mosquito draws strength from your injuries!
Casting: Searing Ray (safe; 1% risk of failure)
Confirm with . or Enter, or press ? or * to list all spells.
Aiming: Searing Ray (safe; 1% risk of failure)
Press: ? - help, Shift-Dir - straight line, f/p - vampire mosquito
Aim: a vampire mosquito (heavily damaged, 72% to hit)
The searing ray hits the vampire mosquito!
The vampire mosquito is almost destroyed. (Press . to maintain the ray.)
The vampire mosquito bites you.
* * * LOW HITPOINT WARNING * * *
The vampire mosquito draws strength from your injuries!
The vampire mosquito bites you.
* * * LOW HITPOINT WARNING * * *
The vampire mosquito draws strength from your injuries!
The vampire mosquito bites you.
* * * LOW HITPOINT WARNING * * *
The vampire mosquito draws strength from your injuries!
The vampire mosquito bites you.
You die...

#.###########..............#
#......>......###########..###
############..# ####......
#..# #........# #..#
#.#...#..# #..# #..#.#...#
#..# #...∩....# #yy#
#..#.#...# #.@# #.#...#.##
#..# #.......# ###..#
######### #....## #########
#.#...#######........
#####..#.#........###[###
#......._..####....##.###
#.###.##.#.......#.##..## #.#
#.#..#...##...####'##


You could see 2 vampire mosquitoes.

Vanquished Creatures
  Eustachio (D:5)
  A steam dragon (D:8)
  A water moccasin (D:7)
  3 ice beasts
  A black bear (D:4)
  2 orc warriors (D:6)
  4 ogres
  2 centaurs
  5 kobold brigands
  A bullfrog (D:7)
  A scorpion (D:6)
  A howler monkey (D:7)
  A jelly (D:4)
  An orc priest (D:6)
  3 hounds (D:4)
  3 gnoll boudas
  6 iguanas
  10 orc wizards
  2 sleepcaps
  Robin (D:3)
  16 gnolls
  2 river rats
  6 adders
  An ufetubus (D:6)
  4 worms
  3 dart slugs
  28 orcs
  3 ball pythons
  3 endoplasms
  3 giant cockroaches
  12 hobgoblins
  8 jackals
  3 quokkas
  9 bats
  A frilled lizard (D:3)
  17 goblins
  23 kobolds
  9 rats
201 creatures vanquished.

Vanquished Creatures (others)
  An iguana (D:4)
  An adder (D:4)
  A dart slug (D:4)
  A goblin (D:4)
  A hobgoblin (D:4)
  A plant (D:4)
6 creatures vanquished.

Grand Total: 207 creatures vanquished

Notes
Turn   | Place    | Note
-------+----------+-------------------------------------------
     0 | D:1      | Lobster4 the Deep Elf Conjurer began the quest for the Orb.
     0 | D:1      | Reached XP level 1. HP: 10/10 MP: 6/6
   449 | D:1      | Reached XP level 2. HP: 15/15 MP: 6/8
   452 | D:1      | Learned a level 2 spell: Searing Ray
  1674 | D:2      | Reached XP level 3. HP: 20/20 MP: 5/9
  2104 | D:2      | Reached skill level 1 in Fighting
  2177 | D:2      | Reached XP level 4. HP: 25/25 MP: 8/11
  2792 | D:3      | Noticed Robin
  2806 | D:3      | Killed Robin
  2888 | D:3      | Noticed howech's ghost (amateur MiGl)
  2909 | D:3      | Found a runed translucent gate.
  2910 | D:3      | Found a runed translucent gate.
  2911 | D:3      | Found a runed translucent gate.
  2979 | D:3      | Reached skill level 1 in Short Blades
  3302 | D:3      | Found a faded altar of an unknown god.
  3575 | D:4      | Reached XP level 5. HP: 29/29 MP: 6/12
  3638 | D:4      | Noticed an ogre
  3661 | D:4      | Reached skill level 1 in Armour
  3661 | D:4      | Reached skill level 5 in Conjurations
  3697 | D:4      | Found a glowing drain.
  3795 | Sewer    | Entered a sewer
  3954 | Sewer    | Reached XP level 6. HP: 34/34 MP: 2/14
  4139 | Sewer    | Found a white marble altar of Elyvilon.
  4233 | D:4      | Found a runed translucent door.
  4233 | D:4      | Noticed Triskal's ghost (novice HuFi)
  4369 | D:4      | Found a staircase to the Ecumenical Temple.
  4380 | D:4      | Found a runed translucent door.
  4386 | Temple   | Entered the Ecumenical Temple
  4400 | Temple   | Became a worshipper of Vehumet
  4774 | D:4      | Reached XP level 7. HP: 40/40 MP: 9/16
  4844 | D:4      | Reached skill level 5 in Spellcasting
  4882 | D:4      | Found a shimmering altar of Xom.
  5056 | D:4      | Found a glowing golden altar of the Shining One.
  5359 | D:4      | Reached * piety under Vehumet
  5359 | D:4      | Offered knowledge of Kiss of Death by Vehumet.
  5567 | D:5      | Entered Level 5 of the Dungeon
  5672 | D:5      | Noticed Eustachio
  5771 | D:5      | Killed Eustachio
  5772 | D:5      | Reached skill level 5 in Dodging
  5772 | D:5      | Reached skill level 5 in Stealth
  6042 | D:5      | Reached XP level 8. HP: 45/45 MP: 10/18
  6097 | D:5      | Found an iron altar of Okawaru.
  6108 | D:5      | Learned a level 3 spell: Dazzling Flash
  6727 | D:5      | Reached skill level 1 in Hexes
  7083 | D:6      | Offered knowledge of Poisonous Vapours by Vehumet.
  7089 | D:5      | Learned a level 2 spell: Poisonous Vapours
  7480 | D:6      | Reached ** piety under Vehumet
  7483 | D:6      | Reached skill level 1 in Air Magic
  7483 | D:6      | Reached skill level 1 in Evocations
  7592 | D:6      | Reached skill level 1 in Throwing
  7648 | D:6      | Reached skill level 1 in Poison Magic
  7945 | D:6      | Reached XP level 9. HP: 43/51 MP: 1/20
  8369 | D:6      | Found a stormy altar of Qazlal.
  8491 | D:6      | Learned a level 4 spell: Fulminant Prism
  9758 | D:8      | Offered knowledge of Stone Arrow by Vehumet.
  9771 | D:8      | Learned a level 3 spell: Stone Arrow
  9928 | D:8      | Found an ornate altar of the Wu Jian Council.
  9972 | D:8      | Found Irerotei's Jewellery Shoppe.
 10007 | D:8      | Found a broken altar of Ashenzari.
 10618 | D:8      | HP: 2/52 [vampire mosquito (6)]
 10618 | D:8      | Slain by a vampire mosquito

Illustrated notes

Levels and vault maps discovered:
D:1:      wheals_arrival_linesprint, layout_basic
D:2:      layout_basic
D:3:      layout_loops_cross, basic_ecumenical_altar, gammafunk_ghost_split,
          uniq_robin
D:4:      layout_loops_ring, tso_oasis_becter, xom_confusion_cloud,
          minmay_temple_entry_waves, enter_ossuary_5, ebering_ghost_sewer_f,
          portal_sewer_entry_c, minmay_divided_ellipse
D:5:      layout_cave_pools, okawaru_gym_becter, minivault_14, uniq_eustachio
D:6:      layout_basic, nicolae_qazlal_general_emergency, minivault_10,
          nicolae_kite_square_tiling_tiny, lightli_minifort
D:7:      layout_basic, hellmonk_bongcloud_opening
D:8:      layout_loops_ring, mainiacjoe_overflow_concentric_impassable,
          lemuel_crystal_altar, serial_shops, nicolae_shop_advertising_works
          [nicolae_subvault_shop_adworks], nrook_pool_corridor
D:9:      layout_irregular_city, minmay_lair_entry_grove,
          gammafunk_ghost_berserking_beasts
Temple:   nicolae_temple_ecumenical_triangle

Skill      XL: |  1  2  3  4  5  6  7  8  9 |
---------------+----------------------------+-----
Stealth        | 3 4 5 6 |  6.5
Dodging        | 3 4 5 6 |  6.2
Fighting       | 1 2 3 |  3.7
Short Blades   | 1 2 |  2.0
Armour         | 1 2 3 |  3.5
Conjurations   | 5 6 7 |  7.0
Spellcasting   | 4 5 6 7 |  7.0
Hexes          | 2 3 |  3.6
Air Magic      | 1 2 |  2.1
Evocations     | 1 2 |  2.3
Throwing       | 1 2 |  2.1
Poison Magic   | 1 2 |  2.4
Earth Magic    | |  0.6

Action                     |  1- 3 |  4- 6 |  7- 9 || total
---------------------------+-------+-------+-------++-------
  Melee: Dagger            |       |    23 |    48 ||    71
         Punch             |       |       |     1 ||     1
  Throw: Dart              |       |     6 |    13 ||    19
         Boomerang         |       |       |     3 ||     3
   Cast: Magic Dart        |    54 |    77 |   140 ||   271
         Searing Ray       |     3 |    23 |    64 ||    90
         Poisonous Vapours |       |       |    15 ||    15
         Dazzling Flash    |       |       |     1 ||     1
         Stone Arrow       |       |       |     3 ||     3
    Use: Scroll            |       |     5 |    11 ||    16
   Stab: Sleeping          |       |       |     3 ||     3
 Armour: Robe              |     1 |     5 |       ||     6
         Leather armour    |       |       |    56 ||    56
  Dodge: Dodged            |     2 |    33 |    88 ||   123

Table legend: (Time is in decaauts)
 A = Elapsed time spent in this place.
 B = Non-inter-level travel time spent in this place.
 C = Inter-level travel time spent in this place.
 D = Time resting spent in this place.
 E = Time spent auto-exploring this place.
 F = Levels seen in this place.
 G = Mean time per level.
                   A        B        C        D        E       F      G
               +--------+--------+--------+--------+--------+-----+--------+
         Total |  10655 |   9968 |    687 |   1215 |   7116 |  11 |  968.6 |
       Dungeon |  10193 |   9515 |    678 |   1048 |   6920 |   9 | 1132.6 |
        Temple |     42 |     33 |      9 |      0 |     22 |   1 |   42.0 |
         Sewer |    418 |    418 |      0 |    167 |    173 |   1 |  418.0 |
               +--------+--------+--------+--------+--------+-----+--------+

Top non-repeatable levels by time:
     D:4: 1781 daAuts
     D:6: 1593 daAuts
     D:1: 1537 daAuts
     D:5: 1116 daAuts
     D:2: 1072 daAuts
     D:8: 1041 daAuts
     D:3: 1034 daAuts
     D:7: 1002 daAuts
   Sewer: 418 daAuts
  Temple: 42 daAuts
     D:9: 14 daAuts
